 Dungeon Crawl Stone Soup version 0.29.1-1-gd02db6906a (webtiles) character file.

Game seed: 6362650473310875293

36 sentinel the Digger (level 3, -4/26 HPs)
             Began as a Meteoran Earth Elementalist on Oct 4, 2022.
             Slain by Terence
             ... wielding a +0 mace
              (8 damage)
             ... on level 2 of the Dungeon on Oct 5, 2022.
             The game lasted 00:01:18 (271 turns).

sentinel the Digger (Meteoran Earth Elementalist)    Turns: 271, Time: 00:01:18

Health: -4/26      AC:  2    Str:  9    XL:     3   Next: 82%
Magic:  5/8        EV: 12    Int: 19    God:
Gold:   0          SH:  0    Dex: 14    Spells: 0/7 levels left

rFire   . . .      SeeInvis .   (no weapon)
rCold   . . .      Faith    .   (no shield)
rNeg    . . .      Spirit   .   a - +0 robe
rPois   .          Reflect  .   (no helmet)
rElec   .          Harm     .   (no cloak)
rCorr   .          Rampage  .   (no gloves)
Will    .....                   (no boots)
Stlth   +.........              (no amulet)
HPRegen 0.08/turn               (no ring)
MPRegen 0.11/turn               (no ring)

@: very slightly contaminated, glowing
A: sense surroundings 1, otherworldly, glowing, explore regen
a: no special abilities


You were on level 2 of the Dungeon.
You visited 1 branch of the dungeon, and saw 2 of its levels.

Inventory:

Missiles
 c - 4 boomerangs
Armour
 a - a +0 robe (worn)
Scrolls
 d - a scroll of identify {unknown}
Potions
 e - a potion of heal wounds {unknown}


   Skills:
 - Level 2.4 Dodging
 - Level 1.4 Stealth
 - Level 2.6 Spellcasting
 * Level 0.2 Conjurations
 + Level 1.8 Translocations
 - Level 1.2 Transmutations
 + Level 4.7 Earth Magic


You couldn't memorise any spells.
You knew the following spells:

 Your Spells              Type           Power      Damage    Failure   Level
a - Sandblast             Erth           40%        2d10      2%          1
b - Stone Arrow           Conj/Erth      24%        3d8       17%         3
c - Passwall              Tmut/Erth      10%        N/A       7%          2
g - Apportation           Tloc           18%        N/A       8%          1

Your spell library contained the following spells:

 Spells                   Type           Power      Damage    Failure   Level
 Necrotise                Necr           8%         1d4       16%         1
 Summon Small Mammal      Summ           8%         N/A       16%         1
 Petrify                  Tmut/Erth      13%        N/A       43%         4


Dungeon Overview and Level Annotations

Branches:
Dungeon (2/15) Zot: 920

Altars:
Gozag

Annotations:
D:2 Terence


Innate Abilities, Weirdness & Mutations

You passively map a small area around you.
You are easily found by Zot.
You glow in the dark.
You regain HP and MP as you explore.


Message History

Unknown command.
You can't see any susceptible monsters within range! (Use Z to cast anyway.) Unknown command.
You can't see any susceptible monsters within range! (Use Z to cast anyway.) Unknown command.
c - 4 boomerangs You pick up a book of Cantrips and begin reading...
You add the spells Necrotise, Summon Small Mammal and Apportation to your library.
Unknown command.
A goblin comes into view. It is wielding a +0 dagger.
Unknown command.
Saving game... please wait.
Welcome back, sentinel the Meteoran Earth Elementalist.
Press ? for a list of commands and other information.
Unknown command.
Okay, then.
What are your orders? t - Shout!
Orders for allies: a - Attack new target. r - Retreat! s - Stop attacking. g - Guard the area. f - Follow me.
Anything else - Cancel.
You shout for attention!
The blast of sand hits the goblin.
You kill the goblin!
Your Earth Magic skill increases to level 4!
You have reached level 2!
Found a stone staircase leading down.
Found 12 gold pieces.
You open the door.
Found a stone staircase leading down.
There is an open door here.
There is a stone staircase leading down here.
You climb downwards.
Found a scroll labelled OFOCRA VAMAFU.
There is a stone staircase leading up here.
The blast of sand hits the giant cockroach.
The giant cockroach is heavily wounded.
The giant cockroach misses you.
The blast of sand hits the giant cockroach!
You kill the giant cockroach!
You can't see any susceptible monsters within range! (Use Z to cast anyway.)
You can't see any susceptible monsters within range! (Use Z to cast anyway.)
Found 15 gold pieces.
You see here a giant cockroach corpse.
Found an opulent altar of Gozag.
d - a scroll labelled OFOCRA VAMAFU Memorise Passwall, consuming 2 spell levels and leaving 3?
You start memorising the spell.
You continue memorising.
Magic restored.
You continue memorising.
You finish memorising.
Spell assigned to 'c'.
You see here a giant cockroach corpse.
There is a stone staircase leading up here.
You climb upwards.
There is a stone staircase leading down here.
There is an open door here.
There is a stone staircase leading down here.
Memorise Apportation, consuming 1 spell level and leaving 2?
You start memorising the spell.
You continue memorising.
You finish memorising.
Spell assigned to 'g'.
What are your orders? t - Shout!
Orders for allies: a - Attack new target. r - Retreat! s - Stop attacking. g - Guard the area. f - Follow me.
Anything else - Cancel.
Okay, then.
You climb downwards.
Jessica shouts!
Found a ring mail, a glowing brown potion and 18 gold pieces.
There is a stone staircase leading up here.
The blast of sand hits Jessica!
Jessica is severely wounded.
Jessica casts a spell at you. You resist with some effort.
The blast of sand hits Jessica.
You kill Jessica!
Your Translocations skill increases to level 1!
You have reached level 3!
Your experience leads to an increase in your attributes!
Increase (s)trength, (i)ntelligence, or (d)exterity?
You feel clever. x3
This spell is quite dangerous to cast!
Memorise Stone Arrow, consuming 3 spell levels and leaving 0?
You start memorising the spell.
You continue memorising. x3
You finish memorising.
Spell assigned to 'b'.
An endoplasm comes into view.
You see here a glowing brown potion.
e - a glowing brown potion The endoplasm jiggles.
The blast of sand hits the endoplasm!
You kill the endoplasm!
You can't see any susceptible monsters within range! (Use Z to cast anyway.) Magic restored.
Found 6 poisoned darts.
Found a stone staircase leading up.
A jackal comes into view.
The jackal barks!
You hear a bark! x2
A jackal comes into view.
There is a stone staircase leading up here.
You climb upwards.
There is a stone staircase leading down here.
You climb downwards.
The jackal barely misses you.
There is a stone staircase leading up here.
The blast of sand hits the jackal.
You kill the jackal!
The jackal closely misses you.
The blast of sand hits the jackal.
You kill the jackal!
You can't see any susceptible monsters within range! (Use Z to cast anyway.)
You can't see any susceptible monsters within range! (Use Z to cast anyway.) Terence the Incautious comes into view.
He is wielding a +0 mace.
Terence shouts!
The blast of sand hits Terence but does no damage.
The blast of sand hits Terence.
Terence is lightly wounded.
Terence hits you with a +0 mace.
Casting: Sandblast (safe; 2% risk of failure)
Confirm with . or Enter, or press ? or * to list all spells.
Aiming: Stone Arrow (quite dangerous; 17% risk of failure)
Press: ? - help, Shift-Dir - straight line, f/p - Terence
Aim: Terence, wielding a +0 mace and wearing a +0 chain mail (lightly wounded, 77% to hit)
You miscast Stone Arrow.
You are very lightly contaminated with residual magic.
Energy rips through your body. Terence closely misses you.
Casting: Stone Arrow (quite dangerous; 17% risk of failure)
Confirm with . or Enter, or press ? or * to list all spells.
You don't have enough magic to cast this spell.
Unknown command.
Found an escape hatch in the floor.
Terence barely misses you. Terence screams, "I want your blood!"
Terence attacks as you move away! Terence misses you.
Terence attacks as you move away! Terence hits you with a +0 mace!
The blast of sand hits Terence.
Terence is lightly wounded.
Terence barely misses you. Terence hits you with a +0 mace.
Magic courses through your body. Terence closely misses you.
Unknown command.
Casting: Sandblast (safe; 2% risk of failure)
Confirm with . or Enter, or press ? or * to list all spells.
Aiming: Stone Arrow (quite dangerous; 17% risk of failure)
Press: ? - help, Shift-Dir - straight line, f/p - Terence
Aim: Terence, wielding a +0 mace and wearing a +0 chain mail (lightly wounded, 77% to hit)
The stone arrow hits Terence!
Terence is almost dead.
A hobgoblin comes into view.
Terence hits you with a +0 mace!
You die...

.#.# ,, *
.#########.#.# *
.†<........#.# *
####.....###.##*#####
, *
####.......##....#*,
#...#.........#
###.#........#...
###...#######@### ,,
, #...### #.@.#* ,
###.### ###..#* _
#...# ..># ,,* #.###
*...# , ..# * ##g#
### *, ..* # , .., #
... ,


You could see Terence and a hobgoblin (wandering).

Vanquished Creatures
  Jessica (D:2)
  A ball python (D:1)
  An endoplasm (D:2)
  A giant cockroach (D:2)
  A goblin (D:1)
  2 jackals (D:2)
  A frilled lizard (D:1)
  A kobold (D:1)
  A rat (D:1)
10 creatures vanquished.

Notes
Turn   | Place    | Note
-------+----------+-------------------------------------------
     0 | D:1      | sentinel the Meteoran Earth Elementalist began the quest
                  | for the Orb.
     0 | D:1      | Reached XP level 1. HP: 14/14 MP: 5/5
   142 | D:1      | Reached skill level 4 in Earth Magic
   142 | D:1      | Reached XP level 2. HP: 20/20 MP: 3/6
   164 | D:2      | Found an opulent altar of Gozag.
   169 | D:2      | Learned a level 2 spell: Passwall
   179 | D:1      | Learned a level 1 spell: Apportation
   180 | D:2      | Noticed Jessica
   182 | D:2      | Killed Jessica
   183 | D:2      | Reached skill level 1 in Translocations
   183 | D:2      | Reached XP level 3. HP: 26/26 MP: 5/8
   187 | D:2      | Learned a level 3 spell: Stone Arrow
   260 | D:2      | Noticed Terence
   271 | D:2      | Slain by Terence

Illustrated notes

Levels and vault maps discovered:
D:1:      shiori_angband_town, layout_basic
D:2:      layout_rooms, basic_altar, hellmonk_ecumenical_altar_crossroads,
          uniq_natasha, uniq_terence, uniq_jessica

Skill      XL: |  1  2 |
---------------+-------+-----
Earth Magic    | 4 |  4.7
Translocations | 1 |  1.8
Dodging        | |  2.4
Stealth        | |  1.4
Spellcasting   | |  2.6
Conjurations   | |  0.2
Transmutations | |  1.2

Action                   || total
-------------------------++-------
 Cast: Sandblast         ||    15
       Stone Arrow       ||     1
  Use: Potion            ||     1
Dodge: Dodged            ||     8
